 Dungeon Crawl Stone Soup version 0.28-a0-1130-gc51a68064b (webtiles) character file.

Game seed: 11342165790282168418

70025 timneilson the Corrupter of Planes (level 14, -5/108 HPs)
             Began as a Demonspawn Abyssal Knight on Dec 13, 2021.
             Was the Champion of Lugonu.
             Slain by an orc knight (33 damage)
             ... on level 1 of the Orcish Mines.
             The game lasted 00:52:39 (17515 turns).

timneilson the Corrupter of Planes (DsAK)          Turns: 17515, Time: 00:52:40

Health: -5/108     AC: 27    Str: 18    XL:     14   Next: 92%
Magic:  23/23      EV:  9    Int: 12    God:    Lugonu [******]
Gold:   2262       SH: 13    Dex: 14    Spells: 13/13 levels left

rFire   . . .      SeeInvis .   g - +1 demon blade (spect)
rCold   + . .      Faith    .   D - +3 warlock's mirror {reflect}
rNeg    . . .      Spirit   .   y - +0 plate armour
rPois   .          Reflect  +   w - +1 hat
rElec   .          Harm     .   E - +0 cloak
rCorr   +          Rampage  .   F - +0 pair of gloves
Will    +....                   (no boots)
Stlth   ..........              n - amulet of regeneration
HPRegen 1.08/turn               i - ring of protection from cold
MPRegen 0.18/turn               c - ring of resist corrosion

@: no status effects
A: hooves 2, foul stench 2, icemail 2, condensation shield
a: Renounce Religion, Depart the Abyss, Bend Space, Banish, Corrupt, Enter the
Abyss, Brand Weapon With Distortion


You were on level 1 of the Orcish Mines.
You worshipped Lugonu.
Lugonu was exalted by your worship.
You visited 3 branches of the dungeon, and saw 19 of its levels.
You visited the Abyss 1 time.
You also visited: Ice Cave and Volcano.

You collected 2892 gold pieces.
You spent 630 gold pieces at shops.

Inventory:

Hand Weapons
 g - a +1 spectral demon blade (weapon)
 K - a +2 scimitar of flaming
Armour
 w - a +1 hat (worn)
 y - a +0 plate armour (worn)
 D - the +3 warlock's mirror (worn) {reflect}
   (You found it on level 10 of the Dungeon)

   It can block and reflect piercing ranged attacks and magical attacks against
   the wielder's willpower.
 E - a +0 cloak (worn)
 F - a +0 pair of gloves (worn)
Jewellery
 c - a ring of resist corrosion (right hand)
 i - a ring of protection from cold (left hand)
 n - an amulet of regeneration (around neck)
 I - a ring of protection from cold
 J - a +4 ring of evasion
 O - a ring of fire
Wands
 a - a wand of acid (4)
 f - a wand of polymorph (6)
 l - a wand of digging (14)
 m - a wand of paralysis (29)
 o - a wand of charming (6)
 q - a wand of flame (22)
 v - a wand of mindburst (7)
Scrolls
 b - 10 scrolls of teleportation
 k - 4 scrolls of fear
 p - 2 scrolls of enchant weapon
 s - 2 scrolls of fog
 x - a scroll of vulnerability
 C - a scroll of identify
 G - 2 scrolls of blinking
 H - 2 scrolls of amnesia
 N - a scroll of enchant armour
 P - a scroll of silence
Potions
 d - 12 potions of curing
 e - 9 potions of heal wounds
 h - a potion of mutation
 j - 3 potions of attraction
 r - 10 potions of flight
 t - 3 potions of magic
 u - 2 potions of haste
 z - 3 potions of resistance
 B - 4 potions of might
 L - 2 potions of brilliance
 M - 3 potions of lignification
 Q - a potion of cancellation
 R - a potion of ambrosia
Miscellaneous
 A - a tin of tremorstones (2/2)


   Skills:
 + Level 9.5 Fighting
 * Level 11.8 Long Blades
 * Level 11.9 Armour
 + Level 8.2 Dodging
 * Level 9.2 Shields
 + Level 12.0 Invocations
 + Level 8.9 Evocations


You had 13 spell levels left.
You didn't know any spells.
Your spell library contained the following spells:

 Spells                   Type           Power      Damage    Failure   Level
 Foxfire                  Conj/Fire      0%         2x1d4     99%         1
 Slow                     Hex            0%         N/A       99%         1
 Call Canine Familiar     Summ           0%         N/A       100%        3
 Confusing Touch          Hex            0%         N/A       100%        3
 Conjure Flame            Conj/Fire      0%         6-21      100%        3
 Ignite Poison            Fire/Tmut/Pois 0%         N/A       100%        3
 Mephitic Cloud           Conj/Pois/Air  0%         N/A       100%        3
 Ozocubu's Armour         Ice            0%         N/A       100%        3
 Portal Projectile        Hex/Tloc       0%         N/A       100%        3
 Stone Arrow              Conj/Erth      0%         3d7       100%        3
 Animate Armour           Summ/Erth      0%         N/A       100%        4
 Dispel Undead            Necr           0%         3d6       100%        4
 Leda's Liquefaction      Hex/Erth       0%         N/A       100%        4
 Sticky Flame             Conj/Fire      0%         2d3       100%        4
 Blade Hands              Tmut           0%         N/A       100%        5
 Borgnjor's Vile Clutch   Necr/Erth      0%         N/A       100%        5
 Freezing Cloud           Conj/Ice/Air   0%         6-21      100%        5
 Irradiate                Conj/Tmut      0%         3d14      100%        5
 Yara's Violent Unravell  Hex/Tmut       0%         3d3       100%        5
 Dragon Form              Tmut           0%         N/A       100%        7
 Ozocubu's Refrigeration  Ice            0%         4d5       100%        7
 Lehudib's Crystal Spear  Conj/Erth      0%         10d2      100%        8
 Necromutation            Tmut/Necr      0%         N/A       100%        8


Dungeon Overview and Level Annotations

Branches:
Dungeon (12/15)            Temple (0/1) D:6            Lair (6/6) D:9
 Shoals (0/4) Lair:2        Snake (0/4) Lair:4        Slime (0/5) Lair:6
    Orc (1/2) D:10          IceCv (visited)         Volcano (visited)

Altars:
Ashenzari
Cheibriados
Dithmenos
Kikubaaqudgha
Makhleb
Okawaru
Sif Muna
Uskayaw
Wu Jian
Zin

Shops:
D:1 (   D:6 **   D:10 =   Orc:1 !?

Annotations:
D:10 3 runed translucent doors, jejorda2's ghost, novice DrBe
Lair:2 exclusion: 2 oklob plants
Lair:6 exclusion: 2 oklob plants


Innate Abilities, Weirdness & Mutations

You have hoof-like feet.
You sometimes emit foul miasma when damaged in melee.
A meltable icy envelope protects you from harm. (AC +8)
A meltable shield of frost defends you. (SH +4)


Message History

The orc knight is moderately wounded.
Your +1 spectral demon blade hits the orc knight!!
The orc knight misses your +1 spectral demon blade.
The orc knight barely misses your +1 spectral demon blade.
You barely miss the orc knight. Your kick misses the orc knight.
The orc knight is severely wounded.
Your +1 spectral demon blade hits the orc knight!
The orc knight hits your +1 spectral demon blade with a +0 great mace!!
Your spectral weapon shares its damage with you!
You catch the helpless orc knight completely off-guard!
You hit the orc knight.
The orc knight is almost dead.
Your +1 spectral demon blade barely misses the orc knight.
The orc knight hits your +1 spectral demon blade with a +0 great mace!!
Your spectral weapon shares its damage with you!
Your +1 spectral demon blade fades away.
You block the orc knight's attack.
You closely miss the orc knight. You kick the orc knight.
You kill the orc knight!
Lugonu accepts your kill.
You hit the orc knight. Your kick misses the orc knight.
The orc knight is lightly wounded.
Your +1 spectral demon blade barely misses the orc knight.
You block the orc knight's attack.
You slash the orc knight!
The orc knight is lightly wounded.
Your +1 spectral demon blade closely misses the orc knight.
You closely miss the orc knight. You kick the orc knight.
The orc knight is lightly wounded.
Your +1 spectral demon blade hits the orc knight but does no damage.
The orc knight hits you with a +0 great mace!!!
* * * LOW HITPOINT WARNING * * *
You emit a cloud of foul miasma!
You closely miss the orc knight. You kick the orc knight.
The orc knight is moderately wounded.
Your +1 spectral demon blade hits the orc knight.
The orc knight is engulfed in dark miasma.
The orc knight is poisoned.
The orc knight hits you with a +0 great mace!!
You die...

......##.........#
......#...#####..#
......#..##...##'##
......8..#..[..#..#
.........#.....#.$#
.........#.....'$$#
.........#.....#$$#
....))8..#..[..#o(#
.^..))#..##...##@##
....))#...#####..#
.....)##.........#
..)....##.......##
........#########
.)........#
).)......##
..)........
...)........


You could see an orc knight (strong, poisoned) and a friendly +1 spectral demon
blade (summoned).

Vanquished Creatures
  A stone giant (Volcano)
  Snorg (Lair:3)
  Josephine (Lair:6)
  A boulder beetle (Lair:5)
  A catoblepas (Lair:5)
  7 hydras
  A death knight (D:11)
  2 two-headed ogres
  9 death yaks
  Urug (D:10)
  Nergalle (Orc:1)
  A skeletal warrior (D:10)
  A goliath frog (Lair:6)
  A swamp dragon (Lair:4)
  5 wizards (D:10)
  A phantasmal warrior (D:11)
  An orc knight (Orc:1)
  An orc sorcerer (D:10)
  A will-o-the-wisp (Lair:4)
  2 ugly things (IceCv)
  A manticore (Lair:2)
  7 black mambas
  3 ice statues (IceCv)
  14 elephants
  2 molten gargoyles (Volcano)
  25 cane toads
  A gargoyle (Volcano)
  4 rime drakes
  An efreet (Volcano)
  Psyche (D:11)
  7 komodo dragons
  An anaconda simulacrum (IceCv)
  2 polar bears
  2 trolls
  3 tyrant leeches (Lair:6)
  A wind drake (Lair:2)
  2 hornets
  24 blink frogs
  6 dream sheep (Lair:6)
  2 slime creatures (D:11)
  2 shadows
  6 wraiths
  2 vampires
  A dire elephant simulacrum (IceCv)
  2 fire bats (Volcano)
  2 humans (D:8)
  3 wyverns
  4 basilisks
  39 yaks
  A steam dragon (D:8)
  A death yak simulacrum (IceCv)
  9 vampire mosquitoes
  Edmund (D:4)
  20 water moccasins
  Duvessa (D:6)
  An ice beast (D:7)
  A sky beast (D:6)
  An ogre (D:7)
  12 orc warriors
  6 black bears
  15 wolves
  7 centaurs
  2 kobold brigands
  15 bullfrogs
  3 earth elementals (Volcano)
  2 scorpions
  A wyvern zombie (D:8)
  Dowan (D:6)
  4 killer bees (D:9)
  An elephant simulacrum (IceCv)
  8 wights
  2 electric eels
  A crimson imp (D:7)
  3 lava snakes (Volcano)
  2 jellies
  4 centaur zombies
  5 hounds
  A gnoll shaman (D:9)
  7 orc priests
  An iron imp (D:10)
  Ijyb (D:4)
  2 iguanas
  13 orc wizards
  2 polar bear simulacra (IceCv)
  2 wolf simulacra (IceCv)
  A hound skeleton (D:5)
  7 gnolls
  6 adders
  A howler monkey skeleton (D:5)
  15 white imps
  An ufetubus (D:5)
  2 worms
  A dart slug (D:4)
  51 orcs
  5 ball pythons
  6 bats
  2 endoplasms
  A goblin (D:1)
  5 hobgoblins
  4 jackals (D:1)
  4 quokkas
  6 frilled lizards
  7 kobolds
  5 rats
499 creatures vanquished.

Vanquished Creatures (others)
  2 wizards (D:10)
  A wolf (Lair:2)
  2 foxfires (Lair:4)
  34 fungi
  93 plants
132 creatures vanquished.

Grand Total: 631 creatures vanquished

Notes
Turn   | Place    | Note
-------+----------+-------------------------------------------
     0 | Abyss:1  | timneilson the Demonspawn Abyssal Knight began the quest
                  | for the Orb.
     0 | Abyss:1  | Reached XP level 1. HP: 18/18 MP: 2/2
    25 | Abyss:1  | Noticed a ynoxinul
    26 | D:1      | Escaped the Abyss
    65 | D:1      | Reached skill level 1 in Dodging
   580 | D:1      | Gained mutation: A meltable shield of frost defends you.
                  | (SH +4) [demonic ancestry]
   580 | D:1      | Reached XP level 2. HP: 24/24 MP: 3/3
   785 | D:1      | Reached * piety under Lugonu
  1101 | D:1      | Found Qasunuv's Weapon Shoppe.
  1434 | D:1      | Gained mutation: You may rarely emit foul miasma when
                  | damaged in melee. [demonic ancestry]
  1434 | D:1      | Reached XP level 3. HP: 27/29 MP: 5/5
  1665 | D:2      | Found an ornate altar of the Wu Jian Council.
  1670 | D:2      | Found a faded altar of an unknown god.
  2406 | D:3      | Found a burning altar of Makhleb.
  2454 | D:3      | Reached skill level 3 in Invocations
  2980 | D:3      | Reached XP level 4. HP: 27/35 MP: 6/6
  3100 | D:3      | Identified a scroll of acquirement
  3100 | D:3      | Acquired a +0 demon blade of electrocution
  3182 | D:4      | Found a shadowy altar of Dithmenos.
  3356 | D:4      | Noticed a black bear
  3360 | D:4      | Killed a black bear
  3361 | D:4      | Reached XP level 5. HP: 41/41 MP: 7/7
  3557 | D:4      | Reached skill level 1 in Evocations
  3669 | D:4      | Noticed Edmund
  3685 | D:4      | Killed Edmund
  3686 | D:4      | Reached XP level 6. HP: 19/48 MP: 8/8
  3876 | D:4      | Noticed Ijyb
  3876 | D:4      | Paralysed by Ijyb for 3 turns
  3890 | D:4      | Killed Ijyb
  4202 | D:4      | Reached skill level 4 in Invocations
  4318 | D:5      | Entered Level 5 of the Dungeon
  4459 | D:5      | Gained mutation: You have large cloven feet. [demonic
                  | ancestry]
  4459 | D:5      | Reached XP level 7. HP: 40/53 MP: 10/10
  4882 | D:5      | Found an ancient bone altar of Kikubaaqudgha.
  5011 | D:6      | Reached ** piety under Lugonu
  5221 | D:6      | Found a broken altar of Ashenzari.
  5225 | D:6      | Saw a vision of the Shoals and the Snake Pit.
  5225 | D:6      | Noticed a shock serpent
  5225 | D:6      | Noticed a naga ritualist
  5225 | D:6      | Noticed a merfolk siren
  5225 | D:6      | Noticed a wind drake
  5225 | D:6      | Noticed a sea snake
  5225 | D:6      | Noticed a sea snake
  5225 | D:6      | Noticed a black mamba
  5236 | D:6      | Noticed Duvessa
  5236 | D:6      | Noticed Dowan
  5244 | D:6      | Killed Duvessa
  5245 | D:6      | Reached XP level 8. HP: 44/61 MP: 11/11
  5256 | D:6      | Killed Dowan
  5257 | D:6      | Reached skill level 5 in Invocations
  5295 | D:6      | Found Apleset's Assorted Antiques.
  5330 | D:6      | Found a staircase to the Ecumenical Temple.
  5420 | D:6      | Found Zin's Purification Station.
  5595 | D:7      | Reached skill level 5 in Long Blades
  5595 | D:7      | Reached skill level 5 in Armour
  5818 | D:7      | Acquired 824 gold pieces
  6027 | D:6      | Reached skill level 5 in Fighting
  6122 | D:7      | Reached XP level 9. HP: 68/68 MP: 13/13
  6584 | D:8      | Noticed a two-headed ogre
  6621 | D:8      | Reached skill level 6 in Invocations
  6666 | D:8      | Found a shimmering blue altar of Sif Muna.
  6703 | D:8      | Reached *** piety under Lugonu
  6768 | D:6      | Bought a potion of curing for 63 gold pieces
  6768 | D:6      | Bought a scroll of brand weapon for 420 gold pieces
  6768 | D:6      | Bought a runed hat for 147 gold pieces
  6857 | D:8      | Killed a two-headed ogre
  7070 | D:8      | Reached skill level 7 in Invocations
  7154 | D:8      | Found a hide-covered altar of Uskayaw.
  7235 | D:8      | Found an iron altar of Okawaru.
  7245 | D:8      | Gained mutation: You sometimes emit foul miasma when
                  | damaged in melee. [demonic ancestry]
  7245 | D:8      | Reached XP level 10. HP: 38/76 MP: 15/15
  7510 | D:9      | Found a staircase to the Lair.
  7537 | D:8      | Reached skill level 5 in Evocations
  7716 | D:9      | Reached **** piety under Lugonu
  7885 | D:9      | Paralysed by a hornet for 3 turns
  7890 | D:9      | Reached skill level 5 in Dodging
  8171 | D:10     | Entered Level 10 of the Dungeon
  8216 | D:10     | Noticed Urug
  8233 | D:10     | Killed Urug
  8234 | D:10     | Reached skill level 1 in Shields
  8291 | D:10     | Found Teebutuf's Jewellery Shoppe.
  8353 | D:10     | Found a snail-covered altar of Cheibriados.
  8671 | D:10     | Noticed a two-headed ogre
  8674 | D:10     | Found a staircase to the Orcish Mines.
  8677 | D:10     | Killed a two-headed ogre
  8678 | D:10     | Reached skill level 8 in Invocations
  8729 | D:10     | Found a runed translucent gate.
  8729 | D:10     | Found a runed translucent gate.
  8730 | D:10     | Found a runed translucent gate.
  8730 | D:10     | Noticed a spectral centaur warrior
  8739 | D:10     | Noticed a wizard
  8749 | D:10     | Noticed a wizard
  8757 | D:10     | Killed a wizard
  8758 | D:10     | Gained mutation: A meltable icy envelope protects you from
                  | harm. (AC +8) [demonic ancestry]
  8758 | D:10     | Reached XP level 11. HP: 68/83 MP: 17/17
  8762 | D:10     | Killed a wizard
  8763 | D:10     | Noticed a wizard
  8766 | D:10     | Killed a wizard
  8768 | D:10     | Noticed a wizard
  8775 | D:10     | Killed a wizard
  8893 | D:10     | Noticed jejorda2's ghost (novice DrBe)
  8916 | D:10     | Noticed a wizard
  8918 | D:10     | Noticed a wizard
  8923 | D:10     | Killed a wizard
  8928 | D:10     | Killed a wizard
  8950 | D:10     | Noticed a wizard
  8954 | D:10     | Killed a wizard
  8961 | D:10     | Found the +3 warlock's mirror {reflect}
  9493 | D:11     | Noticed a death knight
  9493 | D:11     | Noticed a skeletal warrior
  9493 | D:11     | Noticed a phantasmal warrior
  9518 | D:10     | Killed a skeletal warrior
  9909 | D:11     | Noticed Psyche
  9915 | D:11     | Killed Psyche
  9954 | D:11     | Killed a phantasmal warrior
  9965 | D:11     | Killed a death knight
 10145 | D:12     | Noticed a skeletal warrior
 10145 | D:12     | Noticed a skeletal warrior
 10281 | Lair:1   | Entered Level 1 of the Lair of Beasts
 10426 | Lair:1   | Found a frozen archway.
 10466 | IceCv    | Entered an ice cave
 10475 | IceCv    | Reached skill level 9 in Invocations
 10548 | IceCv    | Noticed a white ugly thing
 10554 | IceCv    | Killed a white ugly thing
 10590 | IceCv    | Noticed a white ugly thing
 10606 | IceCv    | Gained mutation: You have hoof-like feet. [demonic
                  | ancestry]
 10606 | IceCv    | Reached XP level 12. HP: 47/91 MP: 18/18
 10613 | IceCv    | Reached ***** piety under Lugonu
 10672 | IceCv    | Got Sif Muna's Handbook of the Doomed Arsonist
 10750 | Lair:1   | Reached skill level 5 in Shields
 11479 | Lair:2   | Noticed a four-headed hydra
 11481 | Lair:2   | Noticed a seven-headed hydra
 11502 | Lair:1   | Killed a four-headed hydra
 11506 | Lair:2   | Killed a seven-headed hydra
 11691 | Lair:2   | Noticed an eight-headed hydra
 11695 | Lair:2   | Killed an eight-headed hydra
 12065 | Lair:2   | Found a staircase to the Shoals.
 12365 | Lair:3   | Reached skill level 10 in Invocations
 12417 | Lair:3   | Reached skill level 10 in Armour
 12463 | Lair:3   | Noticed Snorg
 12479 | Lair:3   | Killed Snorg
 12490 | Lair:3   | Reached skill level 10 in Long Blades
 12579 | Lair:3   | Found a dark tunnel.
 12591 | Volcano  | Entered a volcano
 12676 | Volcano  | Found a radiant altar of Vehumet.
 12682 | Volcano  | Gained mutation: A meltable icy envelope protects you from
                  | harm. (AC +8) [demonic ancestry]
 12682 | Volcano  | Reached XP level 13. HP: 84/98 MP: 20/20
 12767 | Volcano  | Noticed a stone giant
 12772 | Volcano  | Killed a stone giant
 13603 | Lair:4   | Found a staircase to the Snake Pit.
 13976 | Lair:4   | Reached ****** piety under Lugonu
 14741 | Lair:5   | Reached skill level 11 in Invocations
 14926 | Lair:5   | Reached XP level 14. HP: 106/106 MP: 22/22
 15702 | Lair:6   | Entered Level 6 of the Lair of Beasts
 16090 | Lair:6   | Noticed Josephine
 16100 | Lair:6   | Killed Josephine
 16564 | Lair:6   | Found a staircase to the Slime Pits.
 17161 | Orc:1    | Entered Level 1 of the Orcish Mines
 17200 | Orc:1    | Found Koohaem's Magic Scroll Shop.
 17267 | Orc:1    | Found Gixzesk's Distillery.
 17310 | Orc:1    | Noticed Nergalle
 17316 | Orc:1    | Killed Nergalle
 17390 | Orc:1    | Reached skill level 12 in Invocations
 17515 | Orc:1    | Slain by an orc knight

Illustrated notes

Levels and vault maps discovered:
D:1:      roderic_crossed_star, layout_basic, serial_shops,
          nicolae_shop_behind_doors, chequers_serial_rivers_micro_d,
          amcnicky_mini_corridor_feature
D:2:      layout_loops_ring, basic_altar, ebering_ecumenical_altar_hall
D:3:      layout_basic, lemuel_round_altar
D:4:      layout_loops_corners, mainiacjoe_overflow_concentric_impassable,
          corexii_hall_statues_deadend, nrook_mini_vaults, uniq_edmund,
          uniq_ijyb
D:5:      layout_basic, mainiacjoe_overflow_catwalk, cheibrodos_gnoll_hut
D:6:      layout_rooms, grunt_ashenzari_visionary
          [grunt_ashenzari_visionary_shoals, grunt_ashenzari_visionary_snake],
          zin_purify, temple_green, serial_shops, nicolae_shop_advertising_works
          [nicolae_subvault_shop_adworks], uniq_duvessa
D:7:      layout_gridville, minmay_fire_ice_demons
D:8:      layout_loops_ring, okawaru_humans, eat_drink_and_be_merry_uskayaw,
          old_standard_altar, minmay_misc_feat_four_crosses
D:9:      layout_gridville, david_lair_generic
D:10:     minmay_smoke_and_mirrors, layout_stronghold, slow_altar_1,
          gammafunk_ghost_necromancy, serial_shops, kennysheep_little_box,
          uniq_urug
D:11:     layout_basic, uniq_psyche
D:12:     layout_roguey, serial_shops, shop
Lair:1:   layout_cave_pods, portal_ice_cave_entry_imps, serial_bayou_pond_d,
          st_stairs_8, serial_bayou_pond_a, serial_bayou_pond_c
Lair:2:   dpeg_oklob_gauntlet, layout_gridlike, minmay_shoals_entry_beasts
Lair:3:   layout_long_grid, enter_volcano_1, grunt_megastairs_5, uniq_snorg
Lair:4:   layout_layer_cave, minmay_snake_entry_six_corridors, pond,
          grunt_megastairs_1
Lair:5:   layout_cave_pods, grunt_megastairs_3
Lair:6:   minmay_lair_end_frog_pond, layout_loops_ring,
          minmay_slime_entry_oklob_open, uniq_josephine
Orc:1:    cheibrodos_orc_arena, layout_diamond_mine, serial_shops, shop,
          nicolae_shop_crystal, nicolae_shop_crystal, bh_open_orc_temple,
          uniq_nergalle

Skill      XL: |  1  2  3  4  5  6  7  8  9 10 11 12 13 14 |
---------------+-------------------------------------------+-----
Dodging        | 1 2 3 4 5 6 7 8 |  8.2
Long Blades    | 2 3 4 5 6 8 9 10 11 | 11.8
Armour         | 2 3 4 5 7 8 9 10 11 | 11.9
Invocations    | 3 4 5 7 8 9 10 11 12 | 12.0
Evocations     | 1 2 3 4 5 6 7 8 |  8.9
Fighting       | 4 5 6 7 8 9 |  9.5
Shields        | 2 4 6 8 9 |  9.2

Action                   |  1- 3 |  4- 6 |  7- 9 | 10-12 | 13-15 || total
-------------------------+-------+-------+-------+-------+-------++-------
Melee: Falchion          |   159 |       |       |       |       ||   159
       Demon blade       |       |    74 |   273 |   406 |   662 ||  1415
       Kick              |       |       |    83 |   146 |   280 ||   509
       Scimitar          |       |       |       |       |    26 ||    26
Invok: Depart the Abyss  |     1 |       |       |       |       ||     1
Evoke: Wand              |       |       |       |     5 |       ||     5
       Tin of tremorston |       |       |       |     2 |       ||     2
  Use: Scroll            |     4 |     8 |     8 |     8 |     4 ||    32
       Potion            |       |     2 |       |       |     3 ||     5
 Stab: Distracted        |       |       |       |     3 |    13 ||    16
       Petrified         |       |       |       |       |     3 ||     3
       Petrifying        |       |       |       |       |     1 ||     1
Armor: Leather armour    |    15 |       |       |       |       ||    15
       Scale mail        |    63 |    19 |     3 |       |       ||    85
       Chain mail        |       |       |   130 |   121 |       ||   251
       Plate armour      |       |       |       |    56 |   248 ||   304
Dodge: Dodged            |    84 |    30 |    84 |   109 |   141 ||   448
Block: Other             |    30 |     4 |     5 |       |       ||    39
       Buckler           |       |       |    83 |   186 |   358 ||   627
       Reflection        |       |       |       |    11 |     9 ||    20

Table legend: (Time is in decaauts)
 A = Elapsed time spent in this place.
 B = Non-inter-level travel time spent in this place.
 C = Inter-level travel time spent in this place.
 D = Time resting spent in this place.
 E = Time spent auto-exploring this place.
 F = Levels seen in this place.
 G = Mean time per level.
                   A        B        C        D        E       F      G
               +--------+--------+--------+--------+--------+-----+--------+
         Total |  17420 |  16490 |    930 |    811 |  10599 |  22 |  791.8 |
       Dungeon |  10450 |   9773 |    677 |    446 |   6960 |  12 |  870.8 |
          Lair |   6011 |   5759 |    252 |    255 |   3475 |   6 | 1001.8 |
  Orcish Mines |    311 |    311 |      0 |      0 |    101 |   1 |  311.0 |
         Abyss |     26 |     26 |      0 |      0 |      0 |   1 |   26.0 |
      Ice Cave |    236 |    236 |      0 |     70 |      0 |   1 |  236.0 |
       Volcano |    383 |    383 |      0 |     40 |     63 |   1 |  383.0 |
               +--------+--------+--------+--------+--------+-----+--------+

Top non-repeatable levels by time:
    D:10: 1611 daAuts
     D:1: 1517 daAuts
     D:4: 1216 daAuts
  Lair:5: 1123 daAuts
     D:7: 1090 daAuts
  Lair:6: 1081 daAuts
  Lair:4: 981 daAuts
  Lair:3: 960 daAuts
  Lair:1: 942 daAuts
  Lair:2: 922 daAuts
     D:8: 902 daAuts
     D:3: 854 daAuts
     D:2: 740 daAuts
     D:5: 695 daAuts
     D:9: 643 daAuts
